Map: Turbo Cruise '84 LE

Players

Mez - Winner!

  • Race: Terran Terran
  • League: Master
  • Spawn Location: 3:00

MaxX

  • Race: Protoss Protoss
  • League: Master
  • Spawn Location: 7:00

VOD

Have the link to the VOD?

Description

Time

  • Played on: Aug. 10, 2019, noon
  • Length: 15:00
Show
View Real Time Build Order
Export as new Build Order

Mez Terran - Winner!

Build Orders: Reaper Expand 

Get SALT Encoding   

  12  0:00  SCV  
  13  0:13  SCV  
  14  0:18  Supply Depot  
  14  0:25  SCV  
  15  0:40  SCV  
  15  0:41  Barracks  
  16  0:46  Refinery  
  16  0:52  SCV  
  17  1:04  SCV  
  18  1:16  SCV  
  19  1:29  Orbital Command  
  19  1:32  Reaper  
  20  1:42  Command Center  
  20  1:52  Bunker  
  20  1:55  SCV  
  21  2:04  Barracks Reactor  
  21  2:09  Supply Depot  
  21  2:10  SCV  
  22  2:24  SCV  
  23  2:34  Command Center  
  23  2:37  SCV  
  23  2:43  Factory  
  24  2:49  SCV  
  24  2:50  Marine  
  24  2:51  Marine  
  27  2:59  Orbital Command  
  27  3:01  SCV  
  28  3:08  Marine  
  28  3:09  Marine  
  30  3:14  SCV  
  31  3:24  SCV  
  31  3:27  SCV, Marine x2  
  33  3:34  Widow Mine  
  37  3:35  Starport  
  37  3:42  SCV x2  
  37  3:45  Refinery  
  37  3:47  Orbital Command  
  39  3:49  Refinery  
  39  3:51  Marine x2  
  39  3:54  SCV  
  39  3:55  SCV  
  43  3:57  Widow Mine  
  45  4:06  SCV  
  45  4:07  SCV  
  47  4:16  Starport Tech Lab  
  47  4:18  SCV, Factory Tech Lab  
  47  4:19  SCV  
  47  4:21  SCV  
  50  4:25  Marine x2  
  50  4:29  Supply Depot  
  50  4:30  SCV  
  53  4:31  SCV  
  53  4:33  SCV  
  53  4:35  Raven  
  53  4:37  Barracks  
  57  4:42  SCV  
  57  4:43  SCV  
  57  4:44  Marine x2  
  61  4:48  Refinery  
  61  4:51  Siege Tank, SCV  
  65  4:53  Barracks, Supply Depot  
  65  4:54  SCV  
  65  4:55  SCV  
  67  5:03  SCV, Marine, Supply Depot  
  69  5:11  Supply Depot  
  69  5:13  Engineering Bay  
  69  5:14  Marine  
  69  5:15  Engineering Bay, SCV  
  71  5:25  Siege Tank  
  71  5:28  SCV x2  
  76  5:29  SCV  
  76  5:33  Supply Depot  
  76  5:34  Starport Reactor  
  77  5:37  Supply Depot  
  77  5:39  Marine x2, Orbital Command  
  77  5:40  Stimpack, SCV  
  80  5:47  Terran Infantry Weapons Level 1  
  80  5:48  Terran Infantry Armor Level 1, Barracks  
  80  5:51  Barracks  
  80  5:58  SCV x2  
  82  6:07  SCV  
  82  6:10  SCV x2  
  85  6:15  Marine x2  
  85  6:16  Marauder  
  89  6:18  Supply Depot  
  89  6:19  SCV, Medivac x2  
  89  6:22  SCV x2  
  89  6:23  Combat Shield  
  89  6:24  Marauder  
  98  6:25  Factory Reactor  
  98  6:31  SCV  
  99  6:34  SCV  
  99  6:35  Barracks Reactor  
  99  6:36  Marine x2  
  99  6:37  SCV  
  99  6:38  Marauder  
  105  6:41  Refinery  
  105  6:43  Refinery, SCV  
  105  6:44  Barracks Tech Lab  
  105  6:46  SCV, Supply Depot  
  107  6:52  Medivac x2  
  111  6:54  Marine x2, Marauder, Supply Depot  
  111  6:55  Supply Depot  
  111  6:56  SCV x2  
  117  7:03  Missile Turret  
  117  7:08  Bunker, Missile Turret  
  117  7:09  Marauder, Supply Depot  
  117  7:10  Marauder  
  117  7:11  Concussive Shells  
  117  7:14  SCV x2  
  123  7:16  Marine x4, Marauder  
  123  7:18  Armory  
  129  7:27  Medivac  
  129  7:29  Supply Depot  
  131  7:31  Marauder x2  
  131  7:32  Supply Depot  
  135  7:37  Marauder  
  135  7:39  Missile Turret  
  135  7:42  Marine x2  
  135  7:43  Marine x2  
  141  7:52  Marauder x2, Medivac  
  141  7:54  Ghost Academy  
  141  7:57  Medivac  
  149  7:59  Marauder  
  149  8:03  Supply Depot  
  149  8:05  Marine x4  
  155  8:13  Terran Infantry Armor Level 2  
  155  8:14  Marauder x2  
  155  8:18  Command Center  
  150  8:20  Marauder  
  137  8:33  Marine x4  
  126  8:35  Marauder x2  
  130  8:42  Marauder  
  130  8:46  Barracks  
  130  8:47  Barracks  
  130  8:48  Barracks  
  130  8:51  Marine x4, Medivac x2  
  137  8:56  Marauder x2  
  137  9:00  SCV x3  
  144  9:03  Marauder  
  144  9:08  Marine  
  145  9:11  Terran Infantry Weapons Level 2  
  145  9:12  SCV  
  146  9:18  Marauder x2, Starport  
  150  9:24  Supply Depot  
  150  9:25  Supply Depot  
  150  9:27  Ghost  
  150  9:28  Marine x2  
  150  9:38  Ghost x2  
  150  9:44  Barracks Reactor, Marine x2  
  150  9:45  Barracks Reactor, Barracks Tech Lab  
  150  9:48  Barracks Reactor, Barracks Tech Lab  
  150  9:49  Barracks Tech Lab  
  150  9:52  Marine  
  142  9:54  Widow Mine x2, Medivac  
  142  9:56  Ghost  
  142  9:58  Liberator  
  135  10:08  Marauder x2  
  135  10:10  Ghost  
  135  10:11  Marauder  
  135  10:12  Starport Tech Lab  
  143  10:14  Fusion Core  
  143  10:17  Refinery  
  146  10:21  Marine x2  
  146  10:22  Marine x4  
  146  10:25  Refinery, Marauder  
  154  10:29  Marauder x2  
  154  10:32  Marine  
  154  10:34  Planetary Fortress  
  159  10:52  Liberator x3  
  154  11:04  Marine x8, Marauder x3  
  131  11:22  Marine x5  
  130  11:31  Marauder x2  
  130  11:32  Marauder  
  132  11:34  Liberator x2  
  132  11:35  Liberator  
  131  11:50  Marine x6, Marauder x2  
  131  11:52  Widow Mine x2, Ghost x3  
  160  12:10  Marine x6  
  160  12:11  Marauder x2  
  160  12:12  Terran Infantry Weapons Level 3  
  170  12:16  Command Center  
  170  12:17  Command Center  
  170  12:19  Widow Mine  
  170  12:20  Widow Mine  
  174  12:23  Liberator  
  171  12:30  Ghost x3  
  171  12:31  Marine x3  
  171  12:34  Medivac x2  
  182  12:57  Marine x3, Marauder x2  
  163  12:59  Marine  
  163  13:00  Marauder x2  
  163  13:04  Medivac x2  
  170  13:06  Liberator  
  157  13:15  Marine, Marauder  
  157  13:17  Liberator  
  157  13:19  Marauder x2  
  161  13:27  Marine x3, Marauder x2  
  155  13:42  Marine x3, Marauder x2  
  155  13:43  Marauder  
  155  13:44  Medivac  
  163  13:48  Marauder  
  163  13:53  Widow Mine x2  
  164  14:00  Liberator  
  164  14:05  Orbital Command  
  164  14:06  Medivac  
  164  14:09  Ghost  
  166  14:10  Ghost x2  
  166  14:11  Marine x6, Marauder  
  166  14:14  Medivac  
  182  14:41  Marine x3  
Show
View Real Time Build Order
Export as new Build Order

MaxX Protoss 

Build Orders: 1 Gate Expand, Phoenix Opening, Blink Stalkers, Zealot Archon 

Get SALT Encoding   

  12  0:00  Probe  
  13  0:12  Probe  
  14  0:18  Pylon  
  14  0:25  Probe  
  15  0:35  Probe  
  15  0:40  Gateway  
  16  0:43  Probe  
  16  0:49  Assimilator  
  17  0:51  Probe  
  18  1:03  Probe  
  19  1:15  Probe  
  20  1:26  Nexus  
  20  1:35  Cybernetics Core  
  20  1:38  Probe  
  21  1:43  Assimilator  
  21  1:50  Probe  
  21  1:53  Pylon  
  22  2:02  Probe, Adept  
  23  2:11  Warp Gate  
  24  2:19  Probe  
  25  2:25  Twilight Council  
  25  2:32  Sentry  
  25  2:33  Probe  
  26  2:38  Probe  
  29  2:45  Probe  
  29  2:46  Probe  
  31  2:56  Probe  
  31  2:57  Probe  
  32  2:58  Blink  
  33  3:08  Probe  
  33  3:09  Probe  
  35  3:16  Phoenix  
  35  3:17  Probe, Gateway  
  35  3:19  Gateway  
  35  3:21  Probe  
  35  3:25  Probe  
  37  3:28  Pylon  
  37  3:33  Probe  
  39  3:39  Probe  
  40  3:42  Robotics Facility  
  40  3:46  Probe  
  40  3:47  Probe  
  41  3:49  Assimilator  
  41  3:51  Assimilator  
  42  3:58  Probe  
  42  3:59  Stalker, Probe  
  46  4:11  Probe  
  46  4:14  Stalker x2  
  46  4:16  Probe  
  52  4:23  Probe  
  53  4:29  Probe  
  54  4:42  Pylon  
  54  4:45  Nexus, Pylon  
  54  4:47  Pylon  
  54  4:50  Pylon, Charge  
  54  5:00  Probe, Observer  
  54  5:06  Forge  
  56  5:08  Gateway  
  56  5:10  Gateway  
  56  5:13  Stalker, Protoss Ground Armor Level 1, Gateway  
  58  5:15  Probe  
  58  5:19  Probe  
  58  5:21  Stalker  
  61  5:27  Probe  
  62  5:31  Probe  
  63  5:39  Probe  
  64  5:44  Probe  
  64  5:48  Gateway  
  65  5:50  Gateway  
  65  5:52  Probe, Pylon  
  65  5:53  Templar Archives, Observer  
  67  6:01  Probe  
  67  6:04  Probe  
  69  6:05  Probe  
  70  6:12  Zealot  
  70  6:13  Zealot x3, Probe  
  79  6:19  Pylon x2, Warp Prism  
  79  6:21  Probe  
  79  6:22  Psionic Storm  
  82  6:33  High Templar  
  82  6:34  High Templar  
  82  6:35  High Templar  
  82  6:36  High Templar  
  90  6:42  Probe  
  91  6:47  Probe  
  91  6:49  Probe  
  93  6:56  Pylon  
  93  6:57  Photon Cannon, Probe  
  93  7:01  Photon Cannon  
  94  7:03  Pylon  
  94  7:06  High Templar x2  
  94  7:07  High Templar, Zealot x2  
  104  7:08  Zealot  
  104  7:13  Probe  
  104  7:14  Probe  
  108  7:18  Assimilator  
  108  7:20  Archon, Assimilator  
  108  7:24  Zealot x2  
  108  7:27  Gateway  
  108  7:28  Gateway  
  112  7:31  Protoss Ground Armor Level 2  
  112  7:32  Gateway  
  112  7:36  Gateway  
  112  7:40  Pylon  
  112  7:43  Probe x3, Pylon  
  115  7:49  High Templar x2  
  115  7:50  Zealot  
  120  7:53  Archon  
  120  7:56  Zealot x2  
  120  7:57  Zealot  
  120  7:58  Zealot  
  128  8:00  Probe x2  
  128  8:05  Probe  
  132  8:12  Probe  
  124  8:26  Zealot x6  
  124  8:27  Zealot x4  
  114  8:33  Archon  
  84  8:36  Archon  
  84  8:38  High Templar  
  84  8:39  High Templar x3, Zealot x4  
  84  8:40  Zealot x4  
  100  8:42  Probe  
  94  9:00  Stalker  
  94  9:01  Stalker x3  
  94  9:02  High Templar  
  104  9:03  Zealot x3  
  108  9:11  Probe  
  108  9:13  Probe  
  102  9:24  High Templar  
  102  9:25  Zealot, Pylon  
  102  9:27  Zealot x2, Pylon  
  102  9:28  Zealot x2, Stalker  
  102  9:29  Stalker x3  
  107  9:44  Archon  
  90  9:47  Zealot x4  
  90  9:48  Zealot x3  
  101  9:53  Probe x2  
  99  10:01  Probe  
  99  10:04  High Templar  
  99  10:05  High Templar x3  
  99  10:06  Zealot  
  108  10:08  Zealot  
  108  10:10  Probe  
  108  10:12  Probe  
  112  10:17  Probe  
  113  10:29  Pylon  
  113  10:30  High Templar x3  
  113  10:32  Zealot x2, Pylon  
  113  10:35  Nexus  
  123  10:36  Archon  
  123  10:37  Pylon  
  123  10:49  Zealot x6  
  135  10:54  Archon x2  
  135  10:58  Zealot x2  
  135  10:59  Zealot  
  97  11:11  Zealot  
  97  11:12  Zealot x4  
  94  11:24  Stalker x3  
  94  11:25  High Templar x2  
  99  11:27  High Templar  
  99  11:28  High Templar  
  105  11:35  Observer  
  105  11:39  Probe x2  
  108  11:45  Probe  
  109  11:48  Protoss Ground Armor Level 3  
  109  11:58  High Templar x2, Pylon  
  109  11:59  Zealot x2  
  109  12:00  Zealot x2  
  121  12:02  High Templar  
  121  12:07  Pylon  
  123  12:18  Zealot x5  
  123  12:20  High Templar x2  
  135  12:33  Stalker x2  
  135  12:34  Stalker, Zealot x2  
  95  13:00  Zealot x3  
  95  13:01  Zealot x3, High Templar x2  
  95  13:02  Zealot x4  
  117  13:07  Archon  
  107  13:20  Probe  
  107  13:21  Probe  
  107  13:22  High Templar x3  
  107  13:23  High Templar, Zealot x3  
  107  13:24  Zealot x3  
  107  13:26  Archon  
  129  13:32  Archon  
  91  13:44  Zealot x3  
  91  13:45  Zealot x5  
  99  13:54  High Templar x2  
  99  13:55  High Templar  
  105  13:56  Zealot  
  104  14:04  Robotics Bay  
  104  14:07  Stalker  
  92  14:20  Stalker x2  
  92  14:21  Stalker  
  92  14:24  Zealot x5  
  100  14:28  Probe  
  105  14:35  Zealot x3  
  79  14:46  High Templar  
  79  14:48  Zealot x4  
  83  14:56  Zealot  
  83  14:57  Zealot x2  
Tags
 
Add a new tag
Caveats
  • Supply blocks, unpowered buildings, or Contaminate may cause inaccurate times.
  • Supply counts are checked every 10 seconds.